 Dungeon Crawl Stone Soup version 0.32-a0-18-g89e19f1974 (webtiles) character file.

Game seed: 4676564660875205302

82 Essalna the Digger (level 4, -5/24 HPs)
             Began as a Gargoyle Earth Elementalist on Jan 16, 2024.
             Slain by a gnoll
             ... wielding a +0 halberd
              (11 damage)
             ... on level 3 of the Dungeon.
             The game lasted 00:03:37 (2174 turns).

Essalna the Digger (Gargoyle Earth Elementalist)    Turns: 2174, Time: 00:03:38

Health: -5/24      AC:  6    Str: 11    XL:     4   Next: 43%
Magic:  4/8        EV: 11    Int: 18    God:
Gold:   161        SH:  0    Dex: 10    Spells: 7/8 levels left

rFire   . . .        n - +1 dagger (venom)
rCold   . . .        (no shield)
rNeg    + . .        a - +0 robe
rPois   ∞            (no helmet)
rElec   +            (no cloak)
rCorr   .            e - +0 pair of gloves
SInv    .            (no boots)
Will    .....        (no amulet)
Stlth   ++           (no ring)
HPRegen 0.24/turn    (no ring)
MPRegen 0.11/turn

%: no passive effects
@: no status effects
A: sickness immunity, AC +3, negative energy resistance 1, electricity
resistance, torment resistance 1, petrification resistance
a: no special abilities


You were on level 3 of the Dungeon.
You visited 1 branch of the dungeon, and saw 3 of its levels.

You collected 161 gold pieces.

Inventory:

Hand Weapons
 n - a +1 dagger of venom (weapon)
 s - a +1 dagger of electrocution
Armour
 a - a +0 robe (worn)
 e - a +0 pair of gloves (worn)
Magical Staves
 g - a staff of fire
Scrolls
 c - 3 scrolls of identify {unknown}
 d - a scroll of acquirement {unknown}
 i - a scroll of amnesia {unknown}
 j - 4 scrolls of teleportation {unknown}
 k - a scroll of fog {unknown}
 q - a scroll of fear {unknown}
Potions
 b - a potion of magic
 f - 4 potions of curing {unknown}
 h - a potion of invisibility {unknown}
 l - a potion of heal wounds {unknown}
 m - a potion of haste {unknown}
 o - a potion of mutation {unknown}
 p - a potion of attraction {unknown}
 r - a potion of degeneration {unknown}


   Skills:
 - Level 1.5 Dodging
 - Level 2.1 Stealth
 + Level 2.9 Spellcasting
 + Level 2.7 Conjurations
 + Level 4.6 Earth Magic


You had 7 spell levels left.
You knew the following spells:

 Your Spells              Type           Power      Damage    Failure   Level
a - Sandblast             Erth           38%        2d10      2%          1

Your spell library contained the following spells:

 Spells                   Type           Power      Damage    Failure   Level
 Passwall                 Erth           19%        N/A       8%          3
 Stone Arrow              Conj/Erth      30%        3d8       11%         3
 Momentum Strike          Conj/Tloc      14%        3d8       14%         2
 Freeze                   Ice            8%         1d3       17%         1
 Blink                    Tloc           4%         N/A       26%         2
 Ensorcelled Hibernation  Hex/Ice        4%         N/A       26%         2
 Lesser Beckoning         Tloc           4%         N/A       26%         2
 Hailstorm                Conj/Ice       7%         3d5       28%         3
 Brom's Barrelling Bould  Conj/Erth      15%        2d4       36%         4
 Frozen Ramparts          Ice            4%         1d1       45%         3
 Ozocubu's Armour         Ice            2%         N/A       45%         3
 Swiftness                Air            2%         N/A       45%         3
 Petrify                  Alch/Erth      10%        N/A       54%         4
 Ignite Poison            Fire/Alch      2%         N/A       86%         4
 Freezing Cloud           Conj/Ice/Air   2%         6-21      97%         5
 Metabolic Englaciation   Hex/Ice        1%         N/A       99%         5
 Sculpt Simulacrum        Ice/Alch       1%         N/A       100%        6
 Cigotuvi's Dreadful Rot  Necr/Alch/Air  Unusable   N/A       N/A         2

Dungeon Overview and Level Annotations

Branches:
Dungeon (3/15)

Altars:
Kikubaaqudgha


Innate Abilities, Weirdness & Mutations

You are immune to sickness and miasma.
Your stone body is resilient. (AC +3)
You are immune to poison.
You resist negative energy. (rN+)
You are resistant to electric shocks. (rElec)
You are resistant to unholy torment.
You are immune to petrification.


Message History

There is an open door here.
Key pressed, stopping explore.
Key pressed, stopping explore.
You enter the shallow water.
Moving in this stuff is going to be slow.
You enter the shallow water.
Moving in this stuff is going to be slow.
You enter the shallow water.
Moving in this stuff is going to be slow.
You enter the shallow water.
Moving in this stuff is going to be slow.
A gnoll is nearby!
A gnoll is nearby!
The gnoll shouts!
You can't see any susceptible monsters within range! (Use Z to cast anyway.)
The gnoll shouts!
The blast of sand hits the gnoll!
The gnoll is severely wounded.
The blast of sand hits the gnoll.
The gnoll is almost dead.
The gnoll hits you but does no damage.
The blast of sand misses the gnoll.
The blast of sand hits the plant!
The plant begins to die.
The plant is lightly damaged.
The gnoll hits you with a +0 whip. x2
The gnoll hits you from afar with a +0 halberd!
You are too injured to fight recklessly!
Casting: Sandblast (safe; 2% risk of failure)
Confirm with . or Enter, or press ? or * to list all spells.
Aiming: Sandblast (safe; 2% risk of failure)
Press: ? - help, Shift-Dir - straight line, f/p - gnoll
Aim: a gnoll, wielding a +0 whip (almost dead, 84% to hit)
The blast of sand hits the gnoll.
You kill the gnoll!
A nearby plant withers and dies.
The gnoll hits you from afar with a +0 halberd.
* * * LOW HITPOINT WARNING * * *
The gnoll attacks as it pursues you!
The gnoll hits you from afar with a +0 halberd!
You die...

#~PP~≈~≈~P~~# #~~PP~~~P~~~#
#~~~~P~~~~~~# #~~P~~P~~~~~#
#############P~~~~.~~~~~#
######........@...~~.....~.P~##
#P~P.~~.~~#.###.#..............
#P~~♣~~~P~.~###g#..............
#.~~~~≈≈♣♣~.~~~................
##.~~~.~♣~♣~~~~~...............
#####.~~~≈♣♣~~~...[...........
#.....~~~♣~♣~~~~...........[..
#.....~~~~♣♣≈~~P..............
#......~~♣~≈~~P...............


You could see a gnoll.

Vanquished Creatures
  A gnoll (D:3)
  3 adders
  2 ribbon worms
  An orc (D:3)
  3 endoplasms
  2 giant cockroaches
  6 hobgoblins
  3 jackals (D:3)
  A quokka (D:2)
  2 ball pythons
  2 bats
  2 frilled lizards
  4 goblins
  4 kobolds
36 creatures vanquished.

Notes
Turn   | Place    | Note
-------+----------+-------------------------------------------
     0 | D:1      | Essalna the Gargoyle Earth Elementalist began the quest for
                  | the Orb.
     0 | D:1      | Reached XP level 1. HP: 10/10 MP: 3/3
   462 | D:1      | Reached XP level 2. HP: 15/15 MP: 0/5
   913 | D:2      | Reached skill level 4 in Earth Magic
  1020 | D:2      | Reached XP level 3. HP: 16/19 MP: 1/6
  1331 | D:2      | Found an ancient bone altar of Kikubaaqudgha.
  1713 | D:3      | Reached XP level 4. HP: 24/24 MP: 4/8
  2089 | D:3      | Found a faded altar of an unknown god.
  2174 | D:3      | Slain by a gnoll

Illustrated notes

Levels and vault maps discovered:
D:1:      nicolae_arrival_washed_ashore, layout_loops_cross, minivault_5,
          minmay_misc_feat_pillars
D:2:      layout_basic, basic_altar, nicolae_wormholes
D:3:      layout_rooms, serial_bayou, serial_bayou_lagoon_a,
          serial_bayou_pond_d, serial_bayou_shore_b, serial_bayou_shore_a,
          shapermc_ecumenical_altar_mp_vishouse

Skill      XL: |  1  2 |
---------------+-------+-----
Earth Magic    | 4 |  4.6
Conjurations   | 2 |  2.7
Dodging        | |  1.5
Stealth        | |  2.1
Spellcasting   | |  2.9

Action                     |  1- 3 |  4- 6 || total
---------------------------+-------+-------++-------
  Melee: Unarmed           |     9 |       ||     9
         Dagger            |     5 |       ||     5
   Cast: Sandblast         |    49 |    15 ||    64
 Armour: Robe              |    19 |     7 ||    26
  Dodge: Dodged            |    18 |     2 ||    20

Table legend: (Time is in decaauts)
 A = Elapsed time spent in this place.
 B = Non-inter-level travel time spent in this place.
 C = Inter-level travel time spent in this place.
 D = Time resting spent in this place.
 E = Time spent auto-exploring this place.
 F = Levels seen in this place.
 G = Mean time per level.
                   A        B        C        D        E       F      G
               +--------+--------+--------+--------+--------+-----+--------+
         Total |   2212 |   2122 |     90 |      0 |   1840 |   3 |  737.3 |
       Dungeon |   2212 |   2122 |     90 |      0 |   1840 |   3 |  737.3 |
               +--------+--------+--------+--------+--------+-----+--------+

Top non-repeatable levels by time:
     D:1: 854 daAuts
     D:3: 725 daAuts
     D:2: 632 daAuts
